[Event "Titled Tuesday Blitz February 15 Early 2022"]
[White "Hamley, Ryan"]
[Black "Milanovic, Marko"]
[WhiteFideId "30959497"]
[BlackFideId "980129"]
[WhiteElo "2392"]
[BlackElo "1976"]
[Result "1-0"]
[Round "08"]
[TimeControl "180+1"]
[Date "2022.02.15"]
[WhiteClock "0:00:12"]
[BlackClock "0:00:13"]

1. e4 e5 2. Nf3 Nc6 3. Bb5 a6 4. Ba4 Nf6 5. O-O Be7 6. Re1 b5 7. Bb3 d6 8. c3 O-O 9. h3 Nb8 10. d4 Nbd7 11. Nbd2 Bb7 12. Bc2 Re8 13. Nf1 Bf8 14. Ng3 g6 15. a4 c5 16. b3 Qc7 17. d5 Bg7 18. Be3 Reb8 19. Qd2 Bc8 20. Nh2 bxa4 21. Rxa4 Nb6 22. Ra3 a5 23. Rea1 a4 24. Qd1 axb3 25. Bxb3 h5 26. Rxa8 Rxa8 27. Rxa8 Nxa8 28. Qa1 Nb6 29. Bc2 Nc4 30. Bg5 Qb7 31. Bd3 Nb6 32. Nf3 Bd7 33. Qa5 Nh7 34. Bd8 Nc8 35. Qc7 Qxc7 36. Bxc7 Nf6 37. Nd2 Ne8 38. Bd8 f6 39. Ne2 Kf7 40. Kf1 Ne7 41. Nc4 f5 42. f3 Bf8 43. Nc1 Nc8 44. Ke2 Na7 45. Nb3 Nb5 46. Kd2 Bh6+ 47. Kc2 Bf8 48. Nba5 fxe4 49. fxe4 Nf6 50. Nc6 Ne8 51. N6xe5+ Kg8 52. Nxd7 Bg7 53. e5 dxe5 54. Ndxe5 Ned6 55. Nxd6 Nxd6 56. Nc4 Nf5 57. Bxf5 gxf5 58. d6 Kf7 59. Be7 Ke6 60. Nb6 Be5 61. Kd3 Bxd6 62. Bxd6 Kxd6 63. Nc4+ Kd5 64. Ne3+ Ke5 65. Ke2 Ke4 66. Kf2 Kd3 67. Nxf5 Kxc3 68. Ne3 Kd3 69. Kf3 h4 70. Nf5 c4 71. Ne3 c3 72. Kf2 Kd2 73. Nc4+ Kd3 74. Na3 Kd2 75. Kf3 Kc1 76. Ke3 Kb2 77. Nc4+ Kb3 78. Nd2+ Kc2 79. Ne4 Kb2 80. Nxc3 Kxc3 81. Kf4 Kd3 82. Kg4 Ke3 83. Kxh4 Kf4 84. g4 Ke5 85. Kh5 Kf6 86. h4 Kg7 87. g5 Kh8 88. Kg4 Kg8 89. h5 Kh8 90. g6 Kg8 91. Kg5 Kh8 92. Kf6 Kg8 93. h6 Kh8 94. g7+ Kg8 95. h7+ Kxh7 96. Kf7 1-0


[Site "https://www.chess.com"]

[Event "Titled Tuesday Blitz February 15 Early 2022"]
[White "Dronavalli, Harika"]
[Black "Coto Mederos, Michel"]
[WhiteFideId "5015197"]
[BlackFideId "3508528"]
[WhiteElo "2382"]
[BlackElo "2427"]
[Result "1/2-1/2"]
[Round "08"]
[TimeControl "180+1"]
[Date "2022.02.15"]
[WhiteClock "0:00:18"]
[BlackClock "0:00:05"]

1. d4 d5 2. c4 e6 3. Nc3 Nf6 4. Bg5 Be7 5. e3 h6 6. Bh4 O-O 7. Qc2 b6 8. Nf3 Bb7 9. Rd1 Ne4 10. Bxe7 Qxe7 11. a3 Nd7 12. Be2 c5 13. cxd5 Nxc3 14. bxc3 exd5 15. a4 Nf6 16. O-O Ne4 17. Bd3 Rac8 18. Qb2 f6 19. Bxe4 dxe4 20. Nd2 Ba6 21. Rfe1 Bd3 22. a5 b5 23. Nb3 c4 24. Nc5 Rxc5 25. dxc5 Qxc5 26. Qb4 Qxb4 27. cxb4 c3 28. f3 c2 29. Rd2 Rc8 30. Rc1 f5 31. g4 g6 32. Kf2 Rc4 33. gxf5 gxf5 34. fxe4 fxe4 35. h4 Rxb4 36. Rcxc2 Bxc2 37. Rxc2 Ra4 38. Rc7 Rxa5 39. Rb7 a6 40. Kg3 Ra2 41. Kf4 Rh2 42. Kxe4 Rxh4+ 43. Kf5 Rh3 44. e4 Rg3 45. e5 h5 46. e6 Kf8 47. Ke5 Ke8 48. Rb8+ Ke7 49. Rb7+ Ke8 50. Rh7 Re3+ 51. Kf5 Rf3+ 52. Ke4 Rf1 53. Kd5 b4 54. Rh8+ Ke7 55. Rh7+ Ke8 56. Rxh5 b3 57. Rh8+ Ke7 58. Rh7+ Ke8 59. Rb7 Rf3 60. Kd6 Rd3+ 61. Ke5 Rc3 62. Kf6 Rf3+ 63. Ke5 Re3+ 64. Kd5 a5 65. Rb8+ Ke7 66. Rb7+ Kf6 67. Rf7+ Kg6 68. Rb7 a4 69. Kd6 Kf6 70. Rf7+ Kg6 71. Rb7 Re2 72. e7 Kf7 73. Rb4 Re6+ 74. Kd5 Rxe7 75. Rxa4 Rb7 76. Ra1 b2 77. Rb1 Kf6 78. Kc4 Ke5 79. Kc3 Ke4 80. Rxb2 Rxb2 81. Kxb2 1/2-1/2


[Site "https://www.chess.com"]

[Event "Titled Tuesday Blitz February 15 Early 2022"]
[White "Hess, Robert"]
[Black "Goltsev, Dmitry"]
[WhiteFideId "2022036"]
[BlackFideId "24176710"]
[WhiteElo "2557"]
[BlackElo "2273"]
[Result "1-0"]
[Round "08"]
[TimeControl "180+1"]
[Date "2022.02.15"]
[WhiteClock "0:00:11"]
[BlackClock "0:00:06"]

1. b3 b6 2. Bb2 Bb7 3. d3 d6 4. Nd2 Nd7 5. e3 e6 6. Ne2 Ne7 7. h3 h6 8. a4 a6 9. Rg1 Rg8 10. Nf4 Nf5 11. Nf3 Nf6 12. g4 e5 13. gxf5 exf4 14. Qe2 Qe7 15. O-O-O O-O-O 16. e4 g5 17. fxg6 fxg6 18. Nh4 g5 19. Nf5 Qf7 20. h4 g4 21. Qd2 Nh5 22. c4 Kb8 23. Re1 Qe6 24. Be2 f3 25. Bd1 Re8 26. Bc2 a5 27. d4 Qf7 28. d5 Bc8 29. Nxh6 Bxh6 30. Qxh6 Qf4+ 31. Qxf4 Nxf4 32. Kd2 Nh3 33. Rgf1 Re7 34. e5 dxe5 35. Bxe5 Rge8 36. Bg6 Rg8 37. h5 Kb7 38. Bg3 Reg7 39. Re5 Rd8 40. Rfe1 Ka7 41. Re7 Rd7 42. Rxd7 Rxd7 43. Re8 Bb7 44. h6 c6 45. h7 cxd5 46. h8=Q dxc4+ 47. Kc3 Rd3+ 48. Bxd3 cxd3 49. Ra8+ Bxa8 50. Qb8+ Ka6 51. Qxa8# 1-0


[Site "https://www.chess.com"]

[Event "Titled Tuesday Blitz February 15 Early 2022"]
[White "Hirneise, Jens"]
[Black "Bashirli, Saadat"]
[WhiteFideId "24614734"]
[BlackFideId "13429990"]
[WhiteElo "2323"]
[BlackElo "1173"]
[Result "1-0"]
[Round "08"]
[TimeControl "180+1"]
[Date "2022.02.15"]
[WhiteClock "0:00:43"]
[BlackClock "0:00:45"]

1. e4 c5 2. Nf3 g6 3. d4 cxd4 4. Qxd4 Nf6 5. e5 Nc6 6. Qa4 Nd5 7. Qb3 Nc7 8. Bc4 e6 9. Qe3 Bg7 10. O-O O-O 11. Rd1 Ne7 12. Nc3 Nf5 13. Qf4 Qe7 14. a3 Qc5 15. Ne4 Qe7 16. g4 Nh4 17. Nf6+ Bxf6 18. exf6 Nxf3+ 19. Qxf3 Qc5 20. Bd3 Kh8 21. Bh6 Re8 22. Bg7+ Kg8 23. b4 Qc6 24. Qf4 d5 25. Qh6 Qd6 26. Bxg6 fxg6 27. f7+ Kxf7 28. Qxh7 Qe7 29. Be5+ Kf8 30. Qh8+ Kf7 31. Qg7# 1-0


[Site "https://www.chess.com"]

[Event "Titled Tuesday Blitz February 15 Early 2022"]
[White "Hoffmann, Asa"]
[Black "Harshavardhan G B"]
[WhiteFideId "2001470"]
[BlackFideId "25059009"]
[WhiteElo "2117"]
[BlackElo "1831"]
[Result "0-1"]
[Round "08"]
[TimeControl "180+1"]
[Date "2022.02.15"]
[WhiteClock "0:00:55"]
[BlackClock "0:01:59"]

1. d4 Nf6 2. Bg5 Ne4 3. Bf4 c5 4. f3 Nf6 5. dxc5 Qa5+ 6. Nc3 Qxc5 7. e4 d6 8. Qd2 Nc6 9. Nb5 Qb6 10. Be3 Qd8 11. c4 g6 12. O-O-O a6 13. Nc3 Bg7 14. Kb1 O-O 15. Bh6 b5 16. cxb5 axb5 17. Bxb5 Ne5 18. Bxg7 Kxg7 19. f4 Ned7 20. e5 Ne8 21. Nf3 Qa5 22. h4 Nc7 23. Bxd7 Bxd7 24. h5 Bf5+ 25. Kc1 Nb5 26. exd6 Rfc8 27. hxg6 Nxc3 28. Qd4+ f6 29. bxc3 Rxc3+ 30. Kd2 Rd3+ 0-1


[Site "https://www.chess.com"]

[Event "Titled Tuesday Blitz February 15 Early 2022"]
[White "Iljin, Timofey"]
[Black "Steenbekkers, Franck"]
[WhiteFideId "14110180"]
[BlackFideId "1004220"]
[WhiteElo "2396"]
[BlackElo "2136"]
[Result "1-0"]
[Round "08"]
[TimeControl "180+1"]
[Date "2022.02.15"]
[WhiteClock "0:00:56"]
[BlackClock "0:00:04"]

1. e4 e6 2. d4 d5 3. e5 c5 4. c3 Nc6 5. Nf3 Bd7 6. Bd3 cxd4 7. cxd4 Qb6 8. O-O Nxd4 9. Nxd4 Qxd4 10. Nc3 Qxe5 11. Re1 Qb8 12. Nxd5 Bd6 13. Qg4 Kf8 14. Nf4 Nf6 15. Qh4 h6 16. Nh5 Bxh2+ 17. Kh1 Nxh5 18. Qxh5 Bd6 19. Bd2 Bc6 20. Bc3 Qd8 21. Rad1 Qg5 22. Qh3 Qf4 23. Bc2 Bc7 24. Re2 Rd8 25. Red2 Rxd2 26. Rxd2 Ke7 27. Rd4 Qc1+ 28. Bd1 Rd8 29. Rxd8 Bxd8 30. Qg4 g6 31. Qd4 Bb6 32. Bb4+ 1-0


[Site "https://www.chess.com"]

[Event "Titled Tuesday Blitz February 15 Early 2022"]
[White "Iskusnyh, Sergei"]
[Black "Al Mukhaini, Shima"]
[WhiteFideId "4120027"]
[BlackFideId "22005854"]
[WhiteElo "2492"]
[BlackElo "2417"]
[Result "1-0"]
[Round "08"]
[TimeControl "180+1"]
[Date "2022.02.15"]
[WhiteClock "0:00:29"]
[BlackClock "0:00:02"]

1. d4 d5 2. c4 e6 3. Nf3 Nf6 4. g3 c6 5. Qc2 Be7 6. Bg2 O-O 7. O-O Nbd7 8. Rd1 a6 9. Nbd2 b5 10. b3 Bb7 11. e4 dxe4 12. Nxe4 Qc8 13. c5 Nd5 14. Bd2 N7f6 15. Ne5 Nxe4 16. Bxe4 g6 17. h4 Bf6 18. Bg5 Bg7 19. Bd2 Qc7 20. Re1 Rad8 21. Bf3 Rfe8 22. Rad1 f6 23. Nd3 Kf7 24. h5 Qd7 25. Ba5 Rc8 26. Be4 f5 27. Bf3 Bxd4 28. Ne5+ Bxe5 29. Rxe5 Ra8 30. Qd2 Rg8 31. Qh6 Rg7 32. Bc3 Rag8 33. Ree1 b4 34. Bxg7 Rxg7 35. Qg5 Qe7 36. Qxe7+ Nxe7 37. Rd7 Bc8 38. Rc7 Kf6 39. Bxc6 gxh5 40. Bg2 h4 41. gxh4 1-0


[Site "https://www.chess.com"]

[Event "Titled Tuesday Blitz February 15 Early 2022"]
[White "Jaferian, Koosha"]
[Black "Fajdetic, Hrvoje"]
[WhiteFideId "12507440"]
[BlackFideId "14501945"]
[WhiteElo "2027"]
[BlackElo "2140"]
[Result "1-0"]
[Round "08"]
[TimeControl "180+1"]
[Date "2022.02.15"]
[WhiteClock "0:01:08"]
[BlackClock "0:00:03"]

1. Nf3 f5 2. b3 Nf6 3. Bb2 e6 4. g3 Be7 5. Bg2 O-O 6. O-O d6 7. d4 Nc6 8. c4 a5 9. Nc3 Ne4 10. Nxe4 fxe4 11. Nd2 d5 12. f3 e3 13. Nb1 e5 14. cxd5 Nxd4 15. Nc3 Bc5 16. Kh1 Qe8 17. Ne4 Bb6 18. Ba3 Rf5 19. Qd3 Rh5 20. Bc1 Bd7 21. a4 Bf5 22. Bxe3 Qg6 23. g4 Bxe4 24. gxh5 Bxd3 25. hxg6 Bxg6 26. Bxd4 Bxd4 27. Rac1 c6 28. dxc6 bxc6 29. Rxc6 Rb8 30. f4 Rxb3 31. fxe5 1-0


[Site "https://www.chess.com"]

[Event "Titled Tuesday Blitz February 15 Early 2022"]
[White "Jaracz, Pawel"]
[Black "Gabdrakhmanov, Azat"]
[WhiteFideId "1102222"]
[BlackFideId "34189197"]
[WhiteElo "2429"]
[BlackElo "2279"]
[Result "1/2-1/2"]
[Round "08"]
[TimeControl "180+1"]
[Date "2022.02.15"]
[WhiteClock "0:00:22"]
[BlackClock "0:00:08"]

1. e4 c5 2. Nf3 e6 3. d4 cxd4 4. Nxd4 a6 5. Bd3 Nf6 6. O-O d6 7. c4 Be7 8. Nc3 Nbd7 9. f4 O-O 10. Kh1 Re8 11. Nf3 Qc7 12. Qe1 e5 13. f5 b6 14. g4 Nc5 15. Bc2 Bb7 16. g5 Nh5 17. Rg1 g6 18. f6 Bf8 19. Be3 Ne6 20. Bd3 Nhf4 21. Bf1 Nc5 22. Nd5 Bxd5 23. exd5 b5 24. b3 bxc4 25. Bxc4 Nfd3 26. Qf1 e4 27. Nd4 Qd7 28. Nc6 a5 29. Rg3 a4 30. b4 Nb7 31. h4 Nd8 32. b5 Nxc6 33. dxc6 Qd8 34. h5 d5 35. Bxd3 exd3 36. hxg6 hxg6 37. Qh3 d4 38. Qh4 Qd5+ 39. Kg1 Rxe3 40. Rg2 Re2 41. Rg3 Re3 42. Rg2 Bd6 43. Qh6 Bf8 44. Qh4 1/2-1/2


[Site "https://www.chess.com"]

[Event "Titled Tuesday Blitz February 15 Early 2022"]
[White "Kamsky, Gata"]
[Black "De Silva, L M S T"]
[WhiteFideId "2000024"]
[BlackFideId "9953698"]
[WhiteElo "2645"]
[BlackElo "1631"]
[Result "1-0"]
[Round "08"]
[TimeControl "180+1"]
[Date "2022.02.15"]
[WhiteClock "0:00:08"]
[BlackClock "0:00:09"]

1. e4 e5 2. Nf3 Nc6 3. Bb5 a6 4. Ba4 Nf6 5. O-O b5 6. Bb3 Bb7 7. Re1 Bc5 8. c3 d6 9. d4 Bb6 10. h3 h6 11. Be3 O-O 12. Nbd2 Re8 13. d5 Ne7 14. Bxb6 cxb6 15. Nf1 Ng6 16. g3 Qd7 17. Kh2 Nh7 18. Ne3 Rac8 19. Bc2 Rc5 20. h4 Nf6 21. Nd2 Bc8 22. Qf3 a5 23. Bd3 Rf8 24. a3 Rc7 25. Kg1 Ne7 26. Qe2 Nh7 27. Bxb5 Qd8 28. Bd3 g6 29. h5 Nf6 30. hxg6 fxg6 31. f3 Nh5 32. Qh2 Kg7 33. Re2 Ng8 34. Rf2 Rcf7 35. Be2 Qg5 36. Ndf1 Nf4 37. Bd1 Nh3+ 38. Kg2 Nxf2 39. Kxf2 Bg4 40. Nd2 Bd7 41. Qh4 Qxh4 42. gxh4 Nf6 43. Be2 b5 44. Rg1 Nh5 45. Bf1 Nf4 46. Nb3 a4 47. Nd2 Kh7 48. Nc2 Rg7 49. Nb4 g5 50. hxg5 hxg5 51. Ke1 g4 52. fxg4 Bxg4 53. Bxb5 Bh5 54. Rxg7+ Kxg7 55. Bf1 Rb8 56. Nc4 Rd8 57. Nc6 Rd7 58. Nb6 Rb7 59. Nxa4 Kf6 60. b4 Rg7 61. b5 Rg1 62. Kf2 Rh1 63. b6 Rh2+ 64. Kg3 Rd2 65. b7 Kg5 66. b8=Q Bg6 67. Qd8+ Kh6 68. Qxd6 Kg5 69. Nxe5 Nh5+ 70. Kf3 Kh4 71. Nxg6+ Kg5 72. Qe5+ Kxg6 73. Qf5+ Kh6 74. Ke3 Rh2 75. Be2 Ng7 76. Qf6+ Kh7 77. Bg4 Rh6 78. Bf5+ Nxf5+ 79. Qxf5+ Kg7 80. e5 Rg6 81. c4 Kh7 82. Nc5 Kg7 83. a4 Kh6 84. a5 Rg7 85. Qf6+ Rg6 86. Qxg6+ Kxg6 87. a6 Kg7 88. Kd4 Kg6 89. a7 Kf5 90. a8=Q Kg6 91. d6 Kh7 92. d7 1-0


[Site "https://www.chess.com"]

[Event "Titled Tuesday Blitz February 15 Early 2022"]
[White "Karabalis, Harilos"]
[Black "Mischuk, Dmitry"]
[WhiteFideId "4621808"]
[BlackFideId "14118734"]
[WhiteElo "2168"]
[BlackElo "2256"]
[Result "0-1"]
[Round "08"]
[TimeControl "180+1"]
[Date "2022.02.15"]
[WhiteClock "0:00:18"]
[BlackClock "0:00:13"]

1. e4 d5 2. exd5 Nf6 3. d4 Nxd5 4. c4 Nf6 5. Nc3 c5 6. d5 g6 7. Nf3 Bg7 8. Bd3 O-O 9. O-O Ne8 10. Re1 Nd6 11. h3 b6 12. Bd2 Nd7 13. Rc1 Nf6 14. b3 e6 15. Bg5 h6 16. Bh4 g5 17. Bg3 exd5 18. cxd5 g4 19. hxg4 Bxg4 20. Bb1 Nf5 21. Be5 Qd7 22. Qd3 Rfe8 23. Nh2 Nd4 24. Nxg4 Qxg4 25. Bxf6 Bxf6 26. Kf1 Bg7 27. Qh7+ Kf8 28. Ne4 Qh4 29. Ng3 Rad8 30. Rxe8+ Rxe8 31. Re1 Rxe1+ 32. Kxe1 Qf4 33. Qe4 Qc1# 0-1


[Site "https://www.chess.com"]

[Event "Titled Tuesday Blitz February 15 Early 2022"]
[White "Kezin, Roman"]
[Black "Ianov, Viktor"]
[WhiteFideId "24124621"]
[BlackFideId "14102730"]
[WhiteElo "2800"]
[BlackElo "2574"]
[Result "1-0"]
[Round "08"]
[TimeControl "180+1"]
[Date "2022.02.15"]
[WhiteClock "0:00:46"]
[BlackClock "0:00:57"]

1. b3 d6 2. Bb2 Nf6 3. c4 g6 4. Nf3 Bg7 5. g3 O-O 6. Bg2 c5 7. O-O e5 8. d3 Nc6 9. Nc3 h6 10. Nd2 Bd7 11. Nde4 Ne8 12. Nd5 f5 13. Nec3 a6 14. a3 Rb8 15. b4 b6 16. Rb1 Kh7 17. Ba1 Nf6 18. a4 a5 19. bxc5 bxc5 20. Nb5 Nxd5 21. cxd5 Ne7 22. Nxd6 Rxb1 23. Qxb1 Bxa4 24. Nb7 Qc8 25. Nxa5 Rd8 26. Qb7 Qd7 27. Qxd7 Rxd7 28. Rc1 Nxd5 29. Rxc5 e4 30. Bxg7 Kxg7 31. dxe4 fxe4 32. Bxe4 Nf6 33. Bf3 h5 34. h4 Bd1 35. Nc4 Ng4 36. Nb2 Bb3 37. Nd3 Be6 38. Nf4 Bf7 39. Bxg4 hxg4 40. Rg5 Kf6 41. Rxg4 Rd1+ 42. Kg2 Be8 43. Rg5 Bc6+ 44. f3 Be8 45. Rd5 Re1 46. g4 Bf7 47. Ra5 Bc4 48. g5+ Kf7 49. Rc5 Bxe2 50. Kf2 Rh1 51. Rc7+ Ke8 52. Kxe2 Rxh4 53. Nxg6 Rh5 54. f4 Kd8 55. Rg7 Ke8 56. Kf3 Rh1 57. Ne5 Rf1+ 58. Kg4 Kd8 59. Rf7 Re1 60. Rf6 Re2 61. Kf5 Rg2 62. Rg6 Ke7 63. Rh6 Kf8 64. Rh1 Kg7 65. Rh3 Rg1 66. Rh4 Rg2 67. Rh5 Rg1 68. Ng4 Rg2 69. Rh6 Rg1 70. Rg6+ Kf7 71. Rf6+ Ke7 72. Re6+ Kd7 73. Re5 Kd6 74. Re4 Kd5 75. Re3 Kd6 76. Rf3 Ra1 77. Rh3 Ra8 78. Ne5 Kd5 79. g6 Rf8+ 80. Kg5 Ke4 81. Nf7 Rg8 82. f5 1-0


[Site "https://www.chess.com"]

[Event "Titled Tuesday Blitz February 15 Early 2022"]
[White "Khripachenko, Alexander"]
[Black "Ferreira, Vitor Hugo Vieira"]
[WhiteFideId "54184975"]
[BlackFideId "2119765"]
[WhiteElo "2177"]
[BlackElo "2216"]
[Result "0-1"]
[Round "08"]
[TimeControl "180+1"]
[Date "2022.02.15"]
[WhiteClock "0:00:18"]
[BlackClock "0:00:12"]

1. e4 c5 2. Nf3 d6 3. d4 cxd4 4. Qxd4 Nc6 5. Qe3 g6 6. h3 Bg7 7. Be2 Nf6 8. O-O O-O 9. c4 b6 10. Nc3 Bb7 11. Rd1 Nd7 12. b3 Rc8 13. Bb2 Nde5 14. Rac1 Nxf3+ 15. Bxf3 Ne5 16. Be2 Nc6 17. Ba1 Re8 18. Bg4 Rb8 19. Be2 Qc8 20. Nd5 Ne5 21. f4 Nd7 22. Bxg7 Kxg7 23. Qd4+ Kg8 24. Bg4 e6 25. Nc3 Qc5 26. Qxc5 Nxc5 27. Bf3 Red8 28. b4 Na6 29. a3 Rbc8 30. Nb5 d5 31. exd5 exd5 32. Nxa7 Ra8 33. Nb5 Rd7 34. Bxd5 Bxd5 35. Rxd5 Re7 36. Rcd1 Re4 37. R5d4 Rae8 38. Nd6 Rxd4 39. Rxd4 Re1+ 40. Kh2 Ra1 41. Rd3 Nc7 42. f5 Kg7 43. g4 Kf6 44. Rf3 Ke7 45. fxg6 fxg6 46. Ne4 Ne6 47. Re3 Kd7 48. Nf6+ Kd6 49. Nxh7 Rc1 50. Rd3+ Ke5 51. Kg3 Rxc4 52. Re3+ Kd6 53. Nf6 g5 54. h4 gxh4+ 55. Kxh4 Nf4 56. Kg3 Ne6 57. Rd3+ Ke5 58. Nd7+ Ke4 59. Rf3 b5 60. Nf6+ Ke5 61. Rf5+ Kd6 62. Rxb5 Rc3+ 63. Kh4 Rxa3 64. Ne4+ Ke7 65. Rb7+ Kf8 66. g5 Nf4 67. Kg4 Ng6 68. Kf5 Ne7+ 69. Ke6 Nc6 70. g6 Nd8+ 71. Kf6 Nxb7 72. g7+ Kg8 73. Ng3 Ra6+ 74. Ke7 Kxg7 75. Nf5+ Kg6 76. Nd4 Rb6 77. b5 Nd6 78. Nc6 Nxb5 79. Ne5+ Kf5 80. Nd7 Rb7 81. Ke8 Nd6+ 82. Kd8 Rb1 83. Kc7 Nc4 84. Nc5 Ke5 85. Na4 Kd4 86. Kc6 Rb4 0-1


[Site "https://www.chess.com"]

[Event "Titled Tuesday Blitz February 15 Early 2022"]
[White "Kirillov, Dmitry"]
[Black "Wartiovaara, Oliver"]
[WhiteFideId "34180572"]
[BlackFideId "513024"]
[WhiteElo "2076"]
[BlackElo "1971"]
[Result "0-1"]
[Round "08"]
[TimeControl "180+1"]
[Date "2022.02.15"]
[WhiteClock "0:00:06"]
[BlackClock "0:00:10"]

1. d4 Nf6 2. c4 g6 3. Nc3 d5 4. cxd5 Nxd5 5. e4 Nxc3 6. bxc3 Bg7 7. Nf3 c5 8. h3 cxd4 9. cxd4 Nc6 10. Be3 Qa5+ 11. Bd2 Qa3 12. d5 Nd4 13. Nxd4 Bxd4 14. Rb1 O-O 15. Be2 e6 16. O-O Qg3 17. Bb4 Qe5 18. Bxf8 Kxf8 19. Qd3 b6 20. Rfd1 Bc5 21. Qf3 Bd7 22. Bc4 Re8 23. dxe6 Bxe6 24. Bxe6 Qxe6 25. Rb3 Kg7 26. Re1 Qe5 27. Qd3 a5 28. a4 Re6 29. Qc4 Rd6 30. Rd3 Rf6 31. Re2 Qa1+ 32. Kh2 Bxf2 33. Rf3 Qg1# 0-1


[Site "https://www.chess.com"]

[Event "Titled Tuesday Blitz February 15 Early 2022"]
[White "Klinova, Masha"]
[Black "Fiorito, Fabian"]
[WhiteFideId "2802015"]
[BlackFideId "100200"]
[WhiteElo "2274"]
[BlackElo "2395"]
[Result "0-1"]
[Round "08"]
[TimeControl "180+1"]
[Date "2022.02.15"]
[WhiteClock "0:00:10"]
[BlackClock "0:00:42"]

1. e4 c6 2. d4 d5 3. Nc3 dxe4 4. Nxe4 Nf6 5. Ng3 Bg4 6. Nf3 Bxf3 7. Qxf3 Qxd4 8. Bd3 Nbd7 9. O-O Ne5 10. Qe2 Nxd3 11. cxd3 O-O-O 12. Rd1 Kb8 13. Nf5 Qd7 14. Qf3 e6 15. Bf4+ Ka8 16. Ne3 Nd5 17. Bg3 Bd6 18. Nxd5 exd5 19. a4 f6 20. Rab1 Bb4 21. d4 Rhe8 22. Qb3 a5 23. Qd3 Qe6 24. Qxh7 g5 25. Qd3 Qe2 26. h3 Re4 27. Qxe2 Rxe2 28. Rd3 Rde8 29. Rf3 R8e6 30. b3 Rd2 31. h4 g4 32. Rf4 Re4 33. Rxf6 Rdxd4 34. Rg6 Re7 35. Rg8+ Ka7 36. Bb8+ Ka6 37. Bg3 Bc5 38. h5 Rh7 39. Ra8+ Kb6 40. Rc8 Rd3 41. h6 Rxg3 0-1


[Site "https://www.chess.com"]

[Event "Titled Tuesday Blitz February 15 Early 2022"]
[White "Klyashtorny, Vladislav"]
[Black "Stanisz, Patryk"]
[WhiteFideId "4170938"]
[BlackFideId "1123106"]
[WhiteElo "2366"]
[BlackElo "1876"]
[Result "1-0"]
[Round "08"]
[TimeControl "180+1"]
[Date "2022.02.15"]
[WhiteClock "0:00:09"]
[BlackClock "0:00:10"]

1. e4 c5 2. Nf3 Nc6 3. Bb5 g6 4. Bxc6 dxc6 5. d3 Bg7 6. Nc3 Nf6 7. Be3 Nd7 8. Qd2 h6 9. O-O-O e5 10. Ne2 Qe7 11. Ng3 Nf8 12. Qc3 Ne6 13. Nxe5 Nd4 14. f4 Bxe5 15. fxe5 Qxe5 16. Kb1 Be6 17. Rhf1 b6 18. Ne2 O-O-O 19. Bxd4 Rxd4 20. Nxd4 Qxd4 21. Qa3 Kb7 22. c3 Qe5 23. g3 Rd8 24. Rfe1 Qh5 25. d4 cxd4 26. cxd4 Qxh2 27. d5 cxd5 28. exd5 Bf5+ 29. Ka1 Rd7 30. Re7 Qc2 31. Rxd7+ Bxd7 32. Qf3 h5 33. a3 Bg4 34. Qxf7+ Ka6 35. Re1 Bf5 36. Qe8 Qb3 37. Qe2+ Kb7 38. Qd1 Qc4 39. Qd2 Be4 40. Rc1 Qxd5 41. Qxd5+ Bxd5 42. Rf1 Be4 43. Rf6 a5 44. b3 b5 45. Kb2 a4 46. b4 Bd3 47. Kc3 Bc4 48. Rxg6 Be2 49. Rh6 Bg4 50. Kd4 Kc7 51. Kc5 Kd7 52. Kxb5 Bd1 53. Kc5 Ke7 54. b5 h4 55. gxh4 Be2 56. b6 Kf7 57. b7 1-0


[Site "https://www.chess.com"]

[Event "Titled Tuesday Blitz February 15 Early 2022"]
[White "Korchmar, Vasiliy"]
[Black "Stromboli, Ettore"]
[WhiteFideId "24131750"]
[BlackFideId "813761"]
[WhiteElo "2370"]
[BlackElo "2414"]
[Result "1-0"]
[Round "08"]
[TimeControl "180+1"]
[Date "2022.02.15"]
[WhiteClock "0:01:40"]
[BlackClock "0:01:25"]

1. d4 Nf6 2. Bf4 d6 3. Nc3 g6 4. e4 Bg7 5. Qd2 O-O 6. Bh6 Re8 7. Bxg7 Kxg7 8. O-O-O e5 9. dxe5 Rxe5 10. f4 Re8 11. e5 Ng4 12. h3 Nh6 13. g4 Nc6 14. exd6 cxd6 15. Nf3 Qa5 16. Bc4 Be6 17. Bxe6 Rxe6 18. f5 Ree8 19. f6+ Kxf6 20. Qxh6 Nb4 21. Rxd6+ Ke7 22. Rhd1 Nxa2+ 23. Nxa2 Qxa2 24. Rd7+ Kf6 25. R1d6+ Re6 26. Qf4+ 1-0


[Site "https://www.chess.com"]

[Event "Titled Tuesday Blitz February 15 Early 2022"]
[White "Korkmaz, Necmettin"]
[Black "Aradhya, Garg"]
[WhiteFideId "6303285"]
[BlackFideId "25006746"]
[WhiteElo "2094"]
[BlackElo "2169"]
[Result "0-1"]
[Round "08"]
[TimeControl "180+1"]
[Date "2022.02.15"]
[WhiteClock "0:01:01"]
[BlackClock "0:02:21"]

1. e4 e5 2. Nf3 Nc6 3. d4 exd4 4. Bc4 Nf6 5. O-O Nxe4 6. Re1 d5 7. Bxd5 Qxd5 8. Nc3 Qh5 9. Nxe4 Be6 10. Bg5 Bd6 11. h4 h6 12. Bf6 O-O 13. Nxd6 cxd6 14. Bxd4 Bg4 15. Re3 Rfe8 16. Qd2 Rxe3 17. Bxe3 Bxf3 18. gxf3 Ne5 19. Qxd6 Nxf3+ 20. Kg2 Nxh4+ 21. Kf1 Nf5 22. Qd1 Qh3+ 23. Ke2 Re8 24. Qd3 Nxe3 25. fxe3 Qg2+ 26. Ke1 Qg1+ 27. Kd2 Qxa1 0-1


[Site "https://www.chess.com"]

[Event "Titled Tuesday Blitz February 15 Early 2022"]
[White "Kostiukov, Alexandr"]
[Black "Chincholimath, Halsagar"]
[WhiteFideId "14108100"]
[BlackFideId "5022487"]
[WhiteElo "2202"]
[BlackElo "1737"]
[Result "1-0"]
[Round "08"]
[TimeControl "180+1"]
[Date "2022.02.15"]
[WhiteClock "0:00:35"]
[BlackClock "0:00:03"]

1. g3 d5 2. Bg2 e5 3. d3 Nf6 4. e4 c6 5. Qe2 Bd6 6. Nf3 O-O 7. O-O Bg4 8. h3 Bxf3 9. Bxf3 Nbd7 10. b3 a5 11. a3 Re8 12. Bb2 Nc5 13. Nd2 Qd7 14. Bg2 Rad8 15. Kh1 Ne6 16. exd5 cxd5 17. c4 Nd4 18. Qd1 Qf5 19. Nf3 Ne6 20. Nh4 Qg5 21. cxd5 Nd4 22. Nf3 Nxf3 23. Qxf3 h5 24. Bc1 Qg6 25. Bd2 h4 26. gxh4 e4 27. dxe4 Nxe4 28. Bxa5 Rc8 29. Rfe1 Nc5 30. Bb4 Rxe1+ 31. Rxe1 Nd3 32. Rd1 Nxb4 33. axb4 Bxb4 34. Qg4 Qc2 35. d6 Rd8 36. d7 Qxf2 37. Qxb4 Rxd7 38. Rxd7 Qe1+ 39. Qxe1 1-0


[Site "https://www.chess.com"]

[Event "Titled Tuesday Blitz February 15 Early 2022"]
[White "Kraus, Tomas"]
[Black "Urbina Quiroz, Edwin"]
[WhiteFideId "331708"]
[BlackFideId "6500650"]
[WhiteElo "2389"]
[BlackElo "2130"]
[Result "1-0"]
[Round "08"]
[TimeControl "180+1"]
[Date "2022.02.15"]
[WhiteClock "0:00:46"]
[BlackClock "0:00:04"]

1. e4 e5 2. Nf3 Nc6 3. Nc3 Nf6 4. d4 exd4 5. Nxd4 Bb4 6. Nxc6 bxc6 7. Bd3 d5 8. exd5 O-O 9. O-O cxd5 10. Bg5 c6 11. Qf3 Bd6 12. Rae1 Rb8 13. Nd1 Rb4 14. Bxf6 Qxf6 15. Qxf6 gxf6 16. b3 Be5 17. Ne3 a5 18. Nf5 Bxf5 19. Bxf5 a4 20. Bd3 axb3 21. axb3 Ra8 22. g3 c5 23. Kg2 Kg7 24. Re2 Ra2 25. f4 Bd4 26. Kh3 Rb8 27. Bf5 Rxb3 28. Re7 Rba3 29. Be6 Ra7 30. Rxa7 Rxa7 31. Bxd5 Re7 32. Bc4 f5 33. Bd3 Kf6 34. Rb1 Re6 35. Rb7 h5 36. Bc4 Re7 37. Rxe7 Kxe7 38. Kh4 Bg1 39. h3 Bf2 40. Be2 Kf6 41. Bxh5 Bd4 42. Bf3 Bf2 43. Bd5 Kg6 44. c4 f6 45. Be6 Be1 46. Bd7 Bf2 47. Be8+ Kh6 48. Bf7 Kg7 49. Bd5 Kg6 50. Bf3 Kh6 51. Bh5 Be1 52. Be8 Bf2 53. Bd7 Kg6 54. Be6 Be1 55. Bg8 Bf2 56. Bd5 Be1 57. Ba8 Bf2 58. Bc6 Be1 59. Be8+ Kh6 60. Bh5 1-0


[Site "https://www.chess.com"]

[Event "Titled Tuesday Blitz February 15 Early 2022"]
[White "Kretov, Evgenij"]
[Black "Omariev, Maksim"]
[WhiteFideId "4167821"]
[BlackFideId "4193423"]
[WhiteElo "2303"]
[BlackElo "2521"]
[Result "1-0"]
[Round "08"]
[TimeControl "180+1"]
[Date "2022.02.15"]
[WhiteClock "0:01:18"]
[BlackClock "0:00:01"]

1. d4 d5 2. c4 e6 3. Nc3 Nf6 4. cxd5 exd5 5. Bg5 c6 6. e3 Be7 7. Bd3 Bg4 8. Qc2 Bh5 9. Nf3 Bg6 10. O-O Nbd7 11. Rab1 a5 12. Ne5 Nxe5 13. dxe5 Nd7 14. Bxe7 Qxe7 15. f4 Bxd3 16. Qxd3 b5 17. Ne2 O-O 18. Nd4 Rfc8 19. Nf5 Qe6 20. Rbc1 c5 21. Nd6 Rcb8 22. Rcd1 Nb6 23. Qxb5 Nc4 24. Qxc5 Nxb2 25. Rxd5 Na4 26. Qc6 Nb6 27. Rb5 Nd7 28. Rfb1 1-0


[Site "https://www.chess.com"]